 Dungeon Crawl Stone Soup version 0.20-a0-629-gc37eb77 (webtiles) character file.

173 polly the Slasher (level 5, -1/40 HPs)
             Began as a Demonspawn Gladiator on Feb 11, 2017.
             Killed by divine providence
             ... invoked by an orc priest
              (10 damage)
             ... on level 3 of the Dungeon.
             The game lasted 00:02:32 (2161 turns).

polly the Slasher (Demonspawn Gladiator)            Turns: 2161, Time: 00:02:32

Health: -1/40      AC:  6    Str: 14    XL:     5   Next: 28%
Magic:  5/5        EV: 13    Int: 10    God:
Gold:   96         SH:  0    Dex: 15    Spells: 4/4 levels left

rFire    . . .     SeeInvis .   a - +0 long sword
rCold    . . .     Gourm    .   b - +0 leather armour
rNeg     . . .     Faith    .   (no shield)
rPois    .         Spirit   .   (helmet restricted)
rElec    .         Reflect  .   (no cloak)
rCorr    .         Harm     .   (no gloves)
MR       .....                  (no boots)
Stlth    +.........             (no amulet)
Regen    0.2/turn               (no ring)
                                (no ring)

@: no status effects
A: antennae 1, thin metallic scales 2
a: no special abilities


You were on level 3 of the Dungeon.
You were not hungry.

You visited 1 branch of the dungeon, and saw 3 of its levels.

You collected 96 gold pieces.

Inventory:

Hand Weapons
 a - a +0 long sword (weapon)
Missiles
 d - 3 throwing nets (quivered)
Armour
 b - a +0 leather armour (worn)
 c - a +0 helmet
Jewellery
 s - an uncursed ring of fire {unknown}
Scrolls
 h - a scroll of recharging {unknown}
 j - 2 scrolls of teleportation {unknown}
 k - a scroll of amnesia {unknown}
 o - 3 scrolls of identify {unknown}
 p - a scroll of noise {unknown}
 q - a scroll of random uselessness {unknown}
 r - a scroll of remove curse {unknown}
 t - a scroll of fog {unknown}
Potions
 e - a potion of agility {unknown}
 l - a potion of haste {unknown}
 m - a potion of magic {unknown}
 n - 2 potions of degeneration {unknown}
Comestibles
 f - 2 bread rations
 g - 6 royal jellies
 i - a meat ration


   Skills:
 + Level 2.8 Fighting
 + Level 4.0 Long Blades
 + Level 2.0 Throwing
 + Level 1.5 Armour
 + Level 3.3 Dodging
 + Level 0.6 Stealth


You had 4 spell levels left.
You didn't know any spells.

Dungeon Overview and Level Annotations

Branches:
Dungeon (3/15)

Altars:
Qazlal

Annotations:
D:3 polly's ghost, amateur DsGl


Innate Abilities, Weirdness & Mutations

You have a pair of small antennae on your head.
You are mostly covered in thin metallic scales. (AC +3)


Message History

The orc is severely wounded.
The orc priest invokes the aid of Beogh against you.
Beogh smites you! The orc hits you but does no damage.
The orc priest looks satisfied for a moment.
You hit the orc.
You kill the orc!
You barely miss the orc priest.
The orc priest hits you but does no damage.
You closely miss the orc priest.
The orc priest hits you but does no damage.
You hit the orc priest.
The orc priest is heavily wounded.
The orc priest calls upon Beogh to heal the orc priest.
The orc priest is healed somewhat.
The orc priest calls down the wrath of Beogh upon you.
Beogh smites you!
* * * LOW HITPOINT WARNING * * *
The orc priest mumbles some strange prayers to Beogh against you.
Beogh smites you!
You die...

...................######
##..........o####..#
.............# #..##
...>.......).# #...#.#
###.........o# #o...#
#.########o# #)..## #.
#.# #..## #.########.#
#.#W #......<@oo# #.#o.
############ #.#.# #.#.#
#. .#


You could see 2 orc priests.

Vanquished Creatures
  An orc priest (D:3)
  Terence (D:2)
  6 adders
  An ooze (D:3)
  A worm (D:2)
  A dart slug (D:1)
  A leopard gecko (D:1)
  An orc (D:3)
  A giant cockroach (D:1)
  10 goblins
  5 hobgoblins
  8 jackals
  5 kobolds
  2 quokkas (D:2)
  2 bats
  4 frilled lizards
  5 rats
55 creatures vanquished.

Notes
Turn   | Place    | Note
-------+----------+-------------------------------------------
     0 | D:1      | polly the Demonspawn Gladiator began the quest for the Orb.
     0 | D:1      | Reached XP level 1. HP: 16/16 MP: 1/1
   114 | D:1      | Gained mutation: You have a pair of small antennae on your head. [demonic ancestry]
   114 | D:1      | Reached XP level 2. HP: 22/22 MP: 2/2
   127 | D:1      | Reached skill level 3 in Long Blades
   696 | D:2      | Gained mutation: You are partially covered in thin metallic scales. (AC +2) [demonic ancestry]
   696 | D:2      | Reached XP level 3. HP: 19/28 MP: 3/3
   974 | D:2      | Noticed Terence
  1013 | D:2      | Killed Terence
  1013 | D:2      | Gained mutation: You are mostly covered in thin metallic scales. (AC +3) [demonic ancestry]
  1013 | D:2      | Reached XP level 4. HP: 17/34 MP: 4/4
  1207 | D:2      | Found a stormy altar of Qazlal.
  1332 | D:2      | Reached skill level 1 in Armour
  2123 | D:3      | Reached XP level 5. HP: 39/39 MP: 5/5
  2129 | D:3      | Reached skill level 4 in Long Blades
  2134 | D:3      | Noticed polly's ghost (amateur DsGl)
  2161 | D:3      | Killed from afar by an orc priest

Vault maps used:
D:1:      tarquinn_simple_flora_water_a, grunt_decor_cap
D:2:      lemuel_crystal_altar, minmay_tetromino_l4, uniq_terence
D:3:      first_bread, uniq_sigmund

Skill      XL: |  1  2  3  4  5 |
---------------+----------------+-----
Long Blades    | 3 4 |  4.0
Throwing       | 2 |  2.0
Dodging        | 3 |  3.3
Armour         | 1 |  1.5
Fighting       | |  2.8
Stealth        | |  0.6

Action                   |  1- 3 |  4- 6 || total
-------------------------+-------+-------++-------
Melee: Long sword        |   103 |   101 ||   204
  Eat: Chunk             |       |     4 ||     4
Armor: Leather armour    |    36 |    47 ||    83
Dodge: Dodged            |    96 |    71 ||   167
       Rpst.: Long sword |    29 |    24 ||    53
